[Event "ICCopen2016"]
[Site "Internet Chess Club"]
[Date "2016.06.04"]
[Round "11"]
[White "arnav311004"]
[Black "welo1969"]
[Result "0-1"]
[ICCResult "White resigns"]
[WhiteElo "1633"]
[BlackElo "1665"]
[Opening "Sicilian: Anderssen variation"]
[ECO "B41"]
[NIC "SI.41"]
[Time "15:55:05"]
[TimeControl "180+0"]

1. e4 c5 2. Nf3 e6 3. d4 cxd4 4. Nxd4 Nf6 5. Nc3 Nc6 6. Be3 Bb4 7. Bd3 d5 8.
O-O Bxc3 9. bxc3 dxe4 10. Bb5 Bd7 11. Nb3 b6 12. Qd6 Qe7 13. Rad1 Qxd6 14.
Rxd6 Ne5 15. Bxd7+ Nexd7 16. Rfd1 h6 17. h3 Ke7 18. c4 Rhc8 19. c5 Nxc5 20.
Bxc5 bxc5 21. Na5 Nd5 22. Ra6 Nb4 23. Rad6 Rd8 24. Rxd8 Rxd8 25. Rxd8 Kxd8
26. Nb7+ Kc7 27. Nxc5 Nxa2 28. Nxe4 Nb4 29. c3 Nd5 30. c4 Nb6 31. c5 Nd7 32.
Nd6 Nxc5 33. Nxf7 a5 34. Kf1 a4 {White resigns} 0-1

[Event "ICCopen2016"]
[Site "Internet Chess Club"]
[Date "2016.06.04"]
[Round "11"]
[White "kvicc"]
[Black "Soydemadera"]
[Result "1-0"]
[ICCResult "Black forfeits on time"]
[WhiteElo "2204"]
[BlackElo "2420"]
[Opening "Sicilian: dragon, 6.Be3"]
[ECO "B72"]
[NIC "SI.16"]
[Time "15:54:34"]
[TimeControl "180+0"]

1. e4 c5 2. Nf3 d6 3. d4 cxd4 4. Nxd4 Nf6 5. Nc3 g6 6. Be3 Bg7 7. h3 O-O 8.
Bc4 Nc6 9. Bb3 Bd7 10. O-O Rc8 11. f4 Na5 12. e5 Rxc3 13. bxc3 Ne4 14. e6
Nxb3 15. exf7+ Rxf7 16. axb3 a6 17. c4 Qc8 18. Qd3 Nc5 19. Qe2 b5 20. cxb5
Bxd4 21. Bxd4 Bxb5 22. c4 Nxb3 23. cxb5 Nxd4 24. Qd3 Nxb5 25. Rae1 Qc3 26.
Qd5 Qd4+ 27. Qxd4 Nxd4 28. Ra1 Ne2+ 29. Kh2 Rxf4 30. Rfe1 Re4 31. Rxa6 Kf7
32. Ra3 Kf6 33. Rf3+ Kg7 34. Ra3 Kf6 35. Rf3+ Kg7 36. Ra3 Kf6 37. Rf1+ Kg7
38. Rf2 d5 39. Rd3 e6 40. Rf1 h5 41. Re1 Nf4 42. Rxe4 dxe4 43. Re3 Kf6 44.
Rxe4 e5 45. g3 Ne6 46. Re3 g5 47. Kg2 g4 48. h4 Kf5 49. Kf2 Nd4 50. Ra3 Ne6
51. Ra8 Ke4 52. Rh8 Kd3 53. Rxh5 e4 54. Re5 e3+ 55. Rxe3+ Kd4 56. Rxe6
{Black forfeits on time}
1-0

[Event "ICCopen2016"]
[Site "Internet Chess Club"]
[Date "2016.06.04"]
[Round "11"]
[White "vidalnovich"]
[Black "TitanRivas"]
[Result "1-0"]
[ICCResult "Black forfeits on time"]
[WhiteElo "1796"]
[BlackElo "1812"]
[Opening "Ruy Lopez: 5.O-O"]
[ECO "C78"]
[NIC "RL.12"]
[Time "15:54:38"]
[TimeControl "180+0"]

1. e4 e5 2. Nf3 Nc6 3. Bb5 a6 4. Ba4 Nf6 5. O-O b5 6. Bb3 Be7 7. d3 O-O 8.
a3 d6 9. Nc3 Na5 10. Ba2 c5 11. Ne2 Be6 12. Ng3 Nc6 13. c3 h6 14. h3 a5 15.
Qe2 b4 16. Bc4 Bxc4 17. dxc4 bxc3 18. bxc3 Qd7 19. Rd1 Qe6 20. Ne1 Rfd8 21.
Nc2 a4 22. Ne3 Na5 23. Nd5 Nb3 24. Ra2 Nxd5 25. cxd5 Qg6 26. Nf5 Bf8 27. Be3
Rdb8 28. Kh2 Rb6 29. g4 Rab8 30. Rg1 Qf6 31. g5 Qd8 32. gxh6 g6 33. Bg5 f6
34. Be3 Kh7 35. Qg4 Qe8 36. Nh4 Bxh6 37. Nxg6 R6b7 38. Qh4
{Black forfeits on time}
1-0

[Event "ICCopen2016"]
[Site "Internet Chess Club"]
[Date "2016.06.04"]
[Round "11"]
[White "minke"]
[Black "Pschaak"]
[Result "1-0"]
[ICCResult "Black forfeits on time"]
[WhiteElo "1804"]
[BlackElo "1715"]
[Opening "Caro-Kann: advance variation"]
[ECO "B12"]
[NIC "CK.04"]
[Time "15:54:23"]
[TimeControl "180+0"]

1. e4 c6 2. d4 d5 3. e5 Bf5 4. Nf3 e6 5. Be2 Nd7 6. Nbd2 h6 7. O-O Ne7 8. h3
c5 9. c4 cxd4 10. cxd5 Nxd5 11. Nxd4 Bg6 12. N2f3 Be7 13. Nb5 a6 14. Nd6+
Bxd6 15. exd6 O-O 16. Bc4 N7b6 17. Bb3 Qxd6 18. Be3 Qe7 19. Bd4 Rfd8 20. Ne5
Bh7 21. Qg4 Qg5 22. Qxg5 hxg5 23. Rac1 Rac8 24. Rfd1 Be4 25. f3 Rxc1 26.
Rxc1 Bf5 27. Bxb6 Nxb6 28. Rc7 f6 29. Rxb7 Nd5 30. Nc6 Kh7 31. Nxd8 Kg6 32.
Bxd5 exd5 33. Rb6 Bd3 34. Nc6 d4 35. Ne5+ Kh7 36. Nxd3 Kg8 37. Rxa6 Kf7 38.
Rd6 Ke7 39. Rxd4 f5 40. a4 Ke6 41. a5 f4 42. a6 g6 43. a7 g4 44. a8=Q gxf3
45. gxf3 {Black forfeits on time} 1-0

[Event "ICCopen2016"]
[Site "Internet Chess Club"]
[Date "2016.06.04"]
[Round "11"]
[White "Sibelephant"]
[Black "VerdeNotte"]
[Result "1-0"]
[ICCResult "Black forfeits on time"]
[WhiteElo "3082"]
[BlackElo "2796"]
[Opening "English: symmetrical, Botvinnik system reversed"]
[ECO "A30"]
[NIC "QP.10"]
[Time "15:53:53"]
[TimeControl "180+0"]

1. Nf3 c5 2. c4 Nc6 3. Nc3 e5 4. g3 g6 5. Bg2 Bg7 6. a3 Nge7 7. b4 d5 8.
cxd5 Nxd5 9. Ng5 Nxc3 10. dxc3 Qxd1+ 11. Kxd1 O-O 12. Be3 Rd8+ 13. Kc2 Bf5+
14. Kb3 c4+ 15. Kb2 a5 16. Rhd1 axb4 17. axb4 e4 18. Bxe4 Rxa1 19. Rxa1 Bxe4
20. Nxe4 Nxb4 21. Ra4 Nd5 22. Rxc4 f5 23. Ng5 b5 24. Rc5 b4 25. Ne6 Bxc3+
26. Kb3 Rd6 27. Rc8+ Kf7 28. Ng5+ Kg7 29. Bc5 Ra6 30. Rd8 Nb6 31. Bxb6 Rxb6
32. Rd7+ Kf6 33. Nxh7+ Ke5 34. Ng5 f4 35. Nf3+ Ke4 36. Re7+ Kf5 37. Rf7+ Bf6
38. h3 fxg3 39. fxg3 Ke6 40. Rc7 Bc3 41. e4 Ra6 42. Kc4 Ra1 43. Rc6+ Kf7 44.
e5 Rc1 45. Ng5+ Kg7 46. Rc7+ Kh6 47. Nf7+ Kh5 48. Kd5 Rd1+ 49. Ke4 b3 50.
Rxc3 b2 51. Rb3 Re1+ 52. Kd5 b1=Q 53. Rxb1 Rxb1 54. e6 Rd1+ 55. Ke5 Re1+ 56.
Kf6 Rf1+ 57. Kg7 g5 58. g4+ Kh4 59. e7 Re1 60. Kf6 Rxe7 61. Kxe7 Kxh3 62.
Ne5 Kg3 63. Kf6 Kf4 64. Ke6 Ke4 65. Nf7 Kf4 66. Nh6 Kg3 67. Kf6 Kh4 68. Kg6
Kg3 69. Kxg5 Kf3 70. Kf5 {Black forfeits on time} 1-0

[Event "ICCopen2016"]
[Site "Internet Chess Club"]
[Date "2016.06.04"]
[Round "11"]
[White "OparinGrigoriy"]
[Black "supermouse"]
[Result "1-0"]
[ICCResult "Black forfeits on time"]
[WhiteElo "2828"]
[BlackElo "2666"]
[Opening "King's pawn opening"]
[ECO "B07"]
[NIC "VO.17"]
[Time "15:54:03"]
[TimeControl "180+0"]

1. e4 d6 2. d4 c6 3. Nc3 g6 4. h4 h5 5. Nh3 Bxh3 6. Rxh3 Bg7 7. Bg5 Nd7 8.
Qd2 Qb6 9. O-O-O Bh6 10. Bc4 e6 11. Bb3 d5 12. Kb1 Bxg5 13. hxg5 Ne7 14. g4
O-O-O 15. Rdh1 Qa5 16. gxh5 gxh5 17. Rxh5 Rxh5 18. Rxh5 dxe4 19. Nxe4 Qxd2
20. Nxd2 c5 21. Rh7 Rf8 22. Ne4 cxd4 23. Rxf7 Rxf7 24. Nd6+ Kc7 25. Nxf7 Nc5
26. Kc1 d3 27. Kd2 dxc2 28. Bxc2 Kd7 29. g6 Ke8 30. Ne5 Kf8 31. b4 Na6 32.
a3 Kg7 33. f4 Nd5 34. Be4 Nxf4 35. Bxb7 Nc7 36. Be4 Nb5 37. a4 Nd6 38. Bd3
Nd5 39. b5 Nb6 40. a5 Nd5 41. Nc6 Nc8 42. Nd4 Nf4 43. Be4 Kf6 44. Ke3 e5 45.
Nc6 Nd6 46. Nxa7 Nc4+ 47. Kf3 Nxa5 48. b6 Ne6 49. Nb5 Ng5+ 50. Ke3 Nc4+ 51.
Kd3 Nxb6 52. Bb7 Kxg6 53. Nd6 e4+ 54. Ke3 Kf6 55. Ne8+ Ke5 56. Ke2 Nd5 57.
Ng7 Nf4+ 58. Ke1 Nd5 59. Nh5 e3 60. Ng3 Nf4 61. Ba6 Nd3+ 62. Bxd3 Nf3+ 63.
Ke2 Kf4 64. Nh5+ Kg4 65. Nf6+ Kf4 66. Nd5+ Kg3 67. Kxe3 Nd4 68. Kxd4 Kf3 69.
Be4+ Kf2 70. Ne3 Kg3 71. Ke5 Kf2 72. Kf4 Ke2 73. Nc4 Kd1 74. Ke3 Ke1 75. Bc2
Kf1 76. Ne5 Kg1 77. Bd3 Kh2 78. Kf4 {Black forfeits on time} 1-0

[Event "ICCopen2016"]
[Site "Internet Chess Club"]
[Date "2016.06.04"]
[Round "11"]
[White "Koval"]
[Black "dafresh"]
[Result "0-1"]
[ICCResult "White resigns"]
[WhiteElo "1900"]
[BlackElo "2175"]
[Opening "Modern defense"]
[ECO "A40"]
[NIC "QO.17"]
[Time "15:54:36"]
[TimeControl "180+0"]

1. d4 g6 2. Bg5 c6 3. c3 Qb6 4. Qd2 Bg7 5. e4 d6 6. Nf3 h6 7. Bh4 Bg4 8. Be2
Nf6 9. Qc2 Nbd7 10. O-O O-O 11. h3 Bxf3 12. Bxf3 e5 13. Rd1 Rfe8 14. dxe5
dxe5 15. Bxf6 Nxf6 16. Nd2 Rad8 17. Nf1 h5 18. Ne3 Bh6 19. Nc4 Qc5 20. b3 b5
21. Na5 Qb6 22. b4 c5 23. Nb3 c4 24. Nc5 Bf8 25. Rxd8 Rxd8 26. Rd1 Rxd1+ 27.
Qxd1 Bxc5 28. bxc5 Qxc5 29. Qd8+ Kg7 30. g4 hxg4 31. hxg4 a5 32. g5 Nh7 33.
Qxa5 Nxg5 34. Bg2 Qd6 35. Qxb5 Ne6 36. Qxc4 Qd1+ 37. Qf1 Qd2 38. Bh3 Nf4 39.
Bg4 Qxc3 40. Qd1 Qa3 41. Qb3 Qc1+ 42. Qd1 Qc5 43. a4 Qa5 44. Qa1 Nd3 45. Be2
Nc5 46. Bb5 Nxe4 47. Qxe5+ Nf6 48. Kg2 Qb6 49. Bc4 Qc6+ 50. Bd5 Qxd5+ 51.
Qxd5 Nxd5 52. a5 Nb4 53. a6 Nxa6 {White resigns} 0-1

[Event "ICCopen2016"]
[Site "Internet Chess Club"]
[Date "2016.06.04"]
[Round "11"]
[White "pawelwaw"]
[Black "kabindra"]
[Result "0-1"]
[ICCResult "White forfeits on time"]
[WhiteElo "1559"]
[BlackElo "1641"]
[Opening "King's Indian: Makagonov system (5.h3)"]
[ECO "E71"]
[NIC "KI.30"]
[Time "15:55:21"]
[TimeControl "180+0"]

1. d4 Nf6 2. c4 g6 3. Nc3 Bg7 4. e4 d6 5. h3 O-O 6. Bg5 h6 7. Be3 e5 8. d5
Nh5 9. g3 Kh7 10. Be2 Nf6 11. Qd2 a6 12. Nf3 b5 13. cxb5 axb5 14. Bxb5 Bd7
15. Bxd7 Qxd7 16. g4 Na6 17. a3 Ng8 18. Qc2 Nb4 19. Qd2 c6 20. Rc1 cxd5 21.
axb4 d4 22. Nxd4 exd4 23. Bxd4 Nf6 24. O-O Rfe8 25. Qd3 Qe6 26. f3 d5 27.
Nxd5 Nxd5 28. Bxg7 Nf4 29. Qd2 Nxh3+ 30. Kh2 Ng5 31. Bc3 Rad8 32. Qf4 Qd7
33. Rcd1 Qxd1 {White forfeits on time} 0-1

[Event "ICCopen2016"]
[Site "Internet Chess Club"]
[Date "2016.06.04"]
[Round "11"]
[White "AaronArrowood"]
[Black "ROWLAND"]
[Result "1-0"]
[ICCResult "Black forfeits on time"]
[WhiteElo "1762"]
[BlackElo "1585"]
[Opening "Richter-Veresov attack"]
[ECO "D01"]
[NIC "QP.07"]
[Time "15:55:02"]
[TimeControl "180+0"]

1. d4 Nf6 2. Nc3 d5 3. Bg5 Ne4 4. Nxe4 dxe4 5. Bf4 g6 6. e3 Bg7 7. f3 exf3
8. Nxf3 O-O 9. Be2 Bg4 10. O-O c5 11. c3 Nc6 12. dxc5 Qa5 13. b4 Nxb4 14.
cxb4 Qxb4 15. Rb1 Qxc5 16. Rxb7 Bxf3 17. Bxf3 e5 18. Bg3 Rad8 19. Qb3 Rd2
20. Be4 Bh6 21. Bf2 Kg7 22. Rb5 Qc7 23. Rd5 Rxd5 24. Bxd5 f5 25. e4 fxe4 26.
Bxe4 Rxf2 27. Kxf2 Qc5+ 28. Ke2 Bf4 29. g3 Qd4 30. Qd3 Qb2+ 31. Kf3 Qxh2 32.
gxf4 Qxf4+ 33. Ke2 Qh2+ 34. Rf2 {Black forfeits on time} 1-0

[Event "ICCopen2016"]
[Site "Internet Chess Club"]
[Date "2016.06.04"]
[Round "11"]
[White "DaveyJones"]
[Black "Svinotigr"]
[Result "0-1"]
[ICCResult "White forfeits on time"]
[WhiteElo "1521"]
[BlackElo "1651"]
[Opening "English opening"]
[ECO "A10"]
[NIC "EO.64"]
[Time "15:54:18"]
[TimeControl "180+0"]

1. c4 d6 2. Nc3 Nd7 3. Nf3 e5 4. d4 Qe7 5. d5 g6 6. e4 Bg7 7. Bd3 Ngf6 8. h3
h5 9. Be3 O-O 10. Qd2 Re8 11. O-O a6 12. Bg5 Nf8 13. b4 N8h7 14. Be3 Bd7 15.
Ng5 Kh8 16. Nxh7 Nxh7 17. f4 exf4 18. Bxf4 Rf8 19. Rae1 Bf6 20. Rf3 Bg5 21.
Ref1 Bxf4 22. Qxf4 Kg7 23. Ne2 Qg5 24. Qxg5 Nxg5 25. Rg3 Nh7 26. h4 Nf6 27.
Nf4 Ng4 28. Be2 Kh6 29. Nh3 Ne5 30. Ng5 b5 31. c5 Kg7 32. Ra3 Bg4 33. Bxg4
Nxg4 34. cxd6 cxd6 35. Rc3 Ne5 36. Nf3 Nxf3+ 37. Rfxf3 Rac8 38. a3 Kh6 39.
Kf2 Kg7 40. g3 f6 41. Ke2 g5 42. hxg5 fxg5 43. Rxf8 Rxf8 44. Rc7+ Rf7 45.
Rxf7+ Kxf7 46. Kd3 Kf6 47. Kd4 h4 48. gxh4 g4 49. Ke3 g3 50. Kf3 Kg6
{White forfeits on time}
0-1

[Event "ICCopen2016"]
[Site "Internet Chess Club"]
[Date "2016.06.04"]
[Round "11"]
[White "Chaos23"]
[Black "gannikus1992"]
[Result "0-1"]
[ICCResult "White forfeits on time"]
[WhiteElo "1926"]
[BlackElo "2263"]
[Opening "Robatsch defense: two knights variation"]
[ECO "A41"]
[NIC "QO.17"]
[Time "15:54:55"]
[TimeControl "180+0"]

1. d4 d6 2. Nf3 g6 3. e4 Bg7 4. Nc3 a6 5. Bf4 b5 6. Qd2 Bb7 7. Bd3 Nf6 8. d5
Nbd7 9. a4 b4 10. Na2 a5 11. c3 bxc3 12. Nxc3 c5 13. O-O O-O 14. Bh6 Rc8 15.
Bxg7 Kxg7 16. b3 e6 17. Bc4 e5 18. Ne1 Nh5 19. g3 f5 20. exf5 gxf5 21. f4
exf4 22. gxf4 Ndf6 23. Kh1 Ng4 24. Ng2 Rf6 25. h3 Ng3+ 26. Kg1 Nxf1 27. Rxf1
Nh6 28. Rf3 Rg6 29. Nd1 Qf6 30. Ne3 Re8 31. Kh2 Ng8 32. Qxa5 Qf7 33. Qc3+
Nf6 34. Nxf5+ Kf8 35. Nxd6 Ng4+ 36. hxg4 Rxd6 37. Qh8+ Ke7 38. Re3+ Kd8 39.
Rxe8+ Qxe8 40. Qxh7 Bxd5 41. Bxd5 Rxd5 42. Qb7 Qe4 43. Qb6+ Kd7 44. Qb7+ Ke6
45. Qc8+ Ke7 46. Qc7+ Ke8 47. Qc8+ Rd8 48. Qxc5 Qh7+ 49. Kg3 Rd3+ 50. Ne3
Qe4 51. Qc8+ Rd8 52. Qc5 Rd3 53. Qc8+ Ke7 54. Qc5+ Kd7 55. Qb5+ Kd6 56. Qb6+
Kd7 57. Qb5+ Kc7 58. Qc5+ Kb7 59. Qb5+ Kc8 60. Qc5+ Kd8 61. Qb6+ Ke7 62.
Qc5+ Ke8 63. Qb5+ Rd7 64. Nf5 Qe1+ 65. Kf3 Qd1+ 66. Ke4 Kf7 67. Ke5 Qe1+ 68.
Ne3 Qxe3+ 69. Kf5 Qe6+ 70. Kg5 Rd5+ {White forfeits on time} 0-1

[Event "ICCopen2016"]
[Site "Internet Chess Club"]
[Date "2016.06.04"]
[Round "11"]
[White "doug50"]
[Black "Jbob"]
[Result "0-1"]
[ICCResult "White forfeits on time"]
[WhiteElo "1285"]
[BlackElo "1590"]
[Opening "Trompowsky attack (Ruth, Opocenský opening)"]
[ECO "A45"]
[NIC "QP.07"]
[Time "15:55:04"]
[TimeControl "180+0"]

1. d4 Nf6 2. Bg5 g6 3. Bxf6 exf6 4. Nf3 d5 5. e3 c5 6. c3 cxd4 7. exd4 Nc6
8. Nbd2 Bg4 9. Be2 Bd6 10. O-O O-O 11. Ne1 Bd7 12. Nef3 Re8 13. Bd3 Ne7 14.
Qc2 Nf5 15. Bxf5 Bxf5 16. Qb3 b6 17. Kh1 Bc7 18. Nh4 Qd6 19. g3 Bh3 20. Ng2
Re2 21. Qd1 Rae8 22. Nf3 Bg4 23. Ng1 R2e4 24. f3 Bh5 25. fxe4 Bxd1 26. Raxd1
Rxe4 27. Nf4 g5 28. Nfh3 Qe7 29. Nf2 Re6 30. Ngh3 Kg7 31. Kg2 Re2 32. Rb1
Qe4+ 33. Kg1 Qf3 34. a3 Bxg3 35. hxg3 Qxg3+ 36. Kh1 g4 37. Rg1 Qf3+ 38. Kh2
Kf8 39. Rxg4 Qxg4 {White forfeits on time} 0-1

[Event "ICCopen2016"]
[Site "Internet Chess Club"]
[Date "2016.06.04"]
[Round "11"]
[White "Saniser"]
[Black "Werewolf"]
[Result "1-0"]
[ICCResult "Black checkmated"]
[WhiteElo "1751"]
[BlackElo "2192"]
[Opening "QGA: 3.e4"]
[ECO "D20"]
[NIC "QG.04"]
[Time "15:54:15"]
[TimeControl "180+0"]

1. d4 d5 2. c4 dxc4 3. e4 e5 4. d5 Nf6 5. Nc3 b5 6. Nxb5 Nxe4 7. Bxc4 Nxf2
8. Qf3 Nxh1 9. g3 Bb4+ 10. Kf1 O-O 11. a3 Bc5 12. Qxh1 c6 13. Nc3 Bxg1 14.
Qxg1 cxd5 15. Bxd5 Ba6+ 16. Ke1 Nd7 17. Bxa8 Qxa8 18. Qf2 Nf6 19. Be3 Ne4
20. Qf3 Nxc3 21. Qxa8 Rxa8 22. bxc3 Bd3 23. Rc1 f6 24. c4 Kf7 25. c5 Ke6 26.
Kd2 Be4 27. Kc3 Bc6 28. Rd1 Bd5 29. g4 Rc8 30. h3 Rc6 31. Rb1 Rc8 32. a4 g6
33. a5 f5 34. a6 f4 35. Bg1 e4 36. Kd4 e3 37. g5 Bc6 38. Rf1 Kf5 39. Bxe3
Rd8+ 40. Kc3 f3 41. h4 Be4 42. c6 Rd3+ 43. Kb4 Bxc6 44. Bxa7 Kg4 45. Bf2 Rd2
46. a7 Ra2 47. Rc1 Be4 48. Rc4 Kf5 49. Bb6 f2 50. Bxf2 Rxf2 51. Rxe4 Ra2 52.
Re7 Kg4 53. Rxh7 Kf5 54. Rf7+ Kg4 55. Rg7 Kxh4 56. Rxg6 Kh5 57. Rg7 Ra6 58.
g6 Kh6 59. Rb7 Kxg6 60. Kb5 Ra1 61. Rb6+ Kf7 62. Ra6 Rb1+ 63. Kc4 Rc1+ 64.
Kd3 Rd1+ 65. Ke2 Rd8 66. a8=Q Rxa8 67. Rxa8 Ke6 68. Ra6+ Kd5 69. Kd3 Kc5 70.
Ra5+ Kd6 71. Rh5 Kc6 72. Ke4 Kd7 73. Rh6 Ke7 74. Rg6 Kd7 75. Kf5 Kc7 76. Ke5
Kd7 77. Kd5 Kc7 78. Ke5 Kd8 79. Rf6 Kc7 80. Ke6 Kc6 81. Ke5+ Kc5 82. Rf4 Kb5
83. Rd4 Kb6 84. Kd5 Kb5 85. Rc4 Kb6 86. Rb4+ Ka5 87. Rb1 Ka6 88. Kc5 Ka7 89.
Kc6 Ka6 90. Ra1# {Black checkmated} 1-0

[Event "ICCopen2016"]
[Site "Internet Chess Club"]
[Date "2016.06.04"]
[Round "11"]
[White "Rammstein"]
[Black "EirikG"]
[Result "0-1"]
[ICCResult "White forfeits on time"]
[WhiteElo "2142"]
[BlackElo "2504"]
[Opening "King's Indian: London system"]
[ECO "A48"]
[NIC "QP.03"]
[Time "15:55:01"]
[TimeControl "180+0"]

1. d4 Nf6 2. Nf3 g6 3. Bf4 Bg7 4. e3 O-O 5. h3 d6 6. Be2 c5 7. c3 Be6 8.
Nbd2 Qb6 9. Ng5 Bd7 10. Nc4 Qc7 11. a4 Nc6 12. Nf3 Na5 13. Nxa5 Qxa5 14. O-O
Rac8 15. Qb3 Bc6 16. Rfd1 Bd5 17. c4 Bc6 18. d5 Bd7 19. Bd3 Rb8 20. e4 Qb4
21. Qc2 Nh5 22. Bd2 Qxb2 23. Rab1 Qxc2 24. Bxc2 Rfc8 25. e5 dxe5 26. Bg5 f6
27. Be3 Nf4 28. Kh2 g5 29. Ng1 Ng6 30. g3 Kf7 31. Ne2 h6 32. Nc3 f5 33. Rf1
f4 34. Bd2 Bf6 35. Ne4 Nh8 36. Rbd1 Kg7 37. d6 e6 38. Bc3 Nf7 39. Rfe1 Rd8
40. h4 Bc6 41. hxg5 hxg5 42. Nxc5 Rh8+ {White forfeits on time} 0-1

[Event "ICCopen2016"]
[Site "Internet Chess Club"]
[Date "2016.06.04"]
[Round "11"]
[White "Alright2015"]
[Black "Dinamit"]
[Result "1-0"]
[ICCResult "Black checkmated"]
[WhiteElo "2196"]
[BlackElo "2636"]
[Opening "Pirc: classical (two knights) system"]
[ECO "A48"]
[NIC "PU.10"]
[Time "15:54:14"]
[TimeControl "180+0"]

1. Nf3 Nf6 2. d4 g6 3. Nc3 Bg7 4. e4 d6 5. Be3 O-O 6. Qd2 c6 7. Bh6 Qc7 8.
h4 Bxh6 9. Qxh6 Ng4 10. Qd2 h5 11. Be2 e5 12. Ng1 exd4 13. Qxd4 Qb6 14. Qxb6
axb6 15. Bxg4 Bxg4 16. f3 Be6 17. O-O-O Rd8 18. a3 b5 19. Nge2 Na6 20. Nf4
b4 21. Nxe6 fxe6 22. Nb1 e5 23. a4 Nc5 24. b3 Ne6 25. Nd2 Nf4 26. Rh2 Ne2+
27. Kb2 Nc3 28. Rg1 b5 29. Nb1 bxa4 30. Nxc3 a3+ 31. Ka2 bxc3 32. g4 hxg4
33. Rxg4 Kf7 34. h5 Rh8 35. Rxg6 Rxh5 36. Rhg2 Rh7 37. Rxd6 Ra7 38. Rxc6 Rh1
39. Rxc3 Rf1 40. Rh2 Kg6 41. Rg2+ Kf7 42. Rg5 Re7 43. Rf5+ Kg7 44. Kxa3 Ra7+
45. Kb2 Raa1 46. Rc7+ Kg6 47. Rc6+ Kg7 48. Rxe5 Rab1+ 49. Kc3 Rxf3+ 50. Kd4
Rd1+ 51. Kc5 Rd2 52. Kb6 Rff2 53. Re7+ Kf8 54. Rec7 Rfe2 55. Rh6 Kg8 56.
Rg6+ Kf8 57. Rh6 Kg8 58. Re6 Rxc2 59. Re8# {Black checkmated} 1-0

[Event "ICCopen2016"]
[Site "Internet Chess Club"]
[Date "2016.06.04"]
[Round "11"]
[White "victor22224444"]
[Black "Tal-Baron"]
[Result "1-0"]
[ICCResult "Black forfeits on time"]
[WhiteElo "2394"]
[BlackElo "2678"]
[Opening "French: Chigorin variation"]
[ECO "C00"]
[NIC "FR.01"]
[Time "15:54:19"]
[TimeControl "180+0"]

1. e4 e6 2. Qe2 c5 3. Nf3 Nc6 4. g3 g6 5. Bg2 Bg7 6. O-O Nge7 7. d3 O-O 8.
Re1 b6 9. e5 d6 10. exd6 Qxd6 11. Nc3 Bb7 12. Bf4 Qd7 13. h4 Nf5 14. Ne4 e5
15. Bg5 f6 16. Bd2 Rad8 17. Bc3 Rfe8 18. Rad1 Nfd4 19. Bxd4 exd4 20. Qd2 h6
21. Qc1 Nb4 22. a3 Nd5 23. Ned2 Kh7 24. Rxe8 Rxe8 25. Re1 h5 26. Nc4 Bh6 27.
Qd1 Re7 28. Re2 Kg7 29. Qe1 Kf7 30. Nfe5+ fxe5 31. Nxe5+ Rxe5 32. Rxe5 Bg7
33. Re2 Bf6 34. Be4 Bc6 35. Qf1 Ne7 36. Qg2 Bd5 37. b3 a5 38. a4 Bc6 39.
Bxc6 Nxc6 40. Qe4 Nb4 41. Qa8 Nd5 42. Re4 Nc3 43. Re1 g5 44. hxg5 Bxg5 45.
Qf3+ Kg6 46. Re5 Qd8 47. Qc6+ Bf6 48. Re6 Kf7 49. Rd6 Kg6 50. Rxd8 Ne2+ 51.
Kg2 h4 52. Rd6 h3+ 53. Kxh3 Ng1+ 54. Kg2 Kg5 55. Rxf6 Nf3 56. Rxf3 Kh5 57.
Qf6 {Black forfeits on time} 1-0

[Event "ICCopen2016"]
[Site "Internet Chess Club"]
[Date "2016.06.04"]
[Round "11"]
[White "PazificDreams"]
[Black "ARMCOMPOSER"]
[Result "1/2-1/2"]
[ICCResult "Black stalemated"]
[WhiteElo "2699"]
[BlackElo "2960"]
[Opening "QGD Slav: 4.e3"]
[ECO "D11"]
[NIC "QP.08"]
[Time "15:54:40"]
[TimeControl "180+0"]

1. d4 d5 2. Nf3 c6 3. c4 Nf6 4. e3 Bg4 5. h3 Bh5 6. Nc3 e6 7. g4 Bg6 8. Ne5
Nbd7 9. Nxg6 hxg6 10. Qb3 Nxg4 11. Qxb7 Rb8 12. Qxc6 Qf6 13. Nd1 Bb4+ 14.
Ke2 Qf5 15. cxd5 exd5 16. hxg4 Qxg4+ 17. f3 Rxh1 18. fxg4 Rd8 19. Qxd5 Rh2+
20. Bg2 Kf8 21. Kf1 Be7 22. Bd2 Nf6 23. Qf3 Rh4 24. Nf2 Kg8 25. Rc1 Bf8 26.
g5 Nh5 27. Rc7 Bd6 28. Qxf7+ Kh7 29. Rd7 Rf8 30. Qxf8 Bxf8 31. Rxa7 Ng3+ 32.
Ke1 Rh2 33. Bf3 Nf5 34. Ng4 Rh3 35. Kf2 Nh4 36. Be4 Kg8 37. Ra8 Kf7 38. Bd5+
Ke7 39. Bb4+ Kd7 40. Bxf8 Nf5 41. Ra7+ Kc8 42. Bc5 Rh2+ 43. Nxh2 Nh4 44. Bc6
Nf5 45. Bb6 Nd6 46. Kg1 Nb7 47. Rxb7 {Black stalemated} 1/2-1/2

[Event "ICCopen2016"]
[Site "Internet Chess Club"]
[Date "2016.06.04"]
[Round "11"]
[White "CristianS"]
[Black "B-Alqudaimi"]
[Result "0-1"]
[ICCResult "White resigns"]
[WhiteElo "2078"]
[BlackElo "2419"]
[Opening "Sicilian: dragon, Yugoslav attack, Rauser variation"]
[ECO "B76"]
[NIC "SI.17"]
[Time "15:54:58"]
[TimeControl "180+0"]

1. e4 c5 2. Nf3 d6 3. d4 cxd4 4. Nxd4 Nf6 5. Nc3 g6 6. Be3 Bg7 7. f3 O-O 8.
Qd2 Nc6 9. O-O-O d5 10. exd5 Nxd5 11. Nxc6 bxc6 12. Bd4 e5 13. Bc5 Be6 14.
Ne4 Re8 15. g4 h6 16. h4 Qc7 17. g5 h5 18. Bc4 Rad8 19. Qf2 Nf4 20. Bxe6
Nxe6 21. Bd6 Qa5 22. a3 Nd4 23. Bb4 Qb5 24. Nd6 Rxd6 25. Bxd6 Ne2+ 26. Kd2
Nf4 27. Kc1 e4 28. Bxf4 Qxb2+ 29. Kd2 Bc3+ 30. Ke2 Qxc2+ 31. Bd2 Qd3+ 32.
Ke1 exf3+ {White resigns} 0-1

[Event "ICCopen2016"]
[Site "Internet Chess Club"]
[Date "2016.06.04"]
[Round "11"]
[White "kfactor"]
[Black "kofigan"]
[Result "1-0"]
[ICCResult "Black resigns"]
[WhiteElo "1367"]
[BlackElo "1141"]
[Opening "KP: King's head opening"]
[ECO "C20"]
[NIC "KP.10"]
[Time "15:55:25"]
[TimeControl "180+0"]

1. e4 e5 2. f3 Nc6 3. d3 Nf6 4. g3 Bc5 5. h4 Bxg1 6. Rxg1 O-O 7. Rh1 d5 8.
Qe2 dxe4 9. fxe4 Bg4 10. Qg2 Nd4 11. c3 Nf3+ 12. Kf2 Qe7 13. Bg5 Qc5+ 14.
Be3 Qb5 15. b3 Rad8 16. d4 Qd7 17. d5 Nxd5 18. Be2 Nxe3 19. Kxe3 f5 20. Rd1
f4+ 21. gxf4 exf4+ 22. Kf2 Qc6 23. Rxd8 Rxd8 24. Bxf3 Qc5+ 25. Kf1 Bxf3 26.
Qxf3 Qe3 27. Qxe3 fxe3 28. Na3 Rf8+ 29. Ke2 Rf4 30. Kxe3 Rxh4 31. Nc4 Rh3+
32. Kd4 Rh4 33. Rd1 b6 34. Ne5 c5+ 35. Kd5 Rh2 36. a4 Rc2 37. c4 Rb2 38. Rd3
Re2 39. Nc6 a6 40. b4 cxb4 41. Nxb4 h5 42. Nxa6 h4 43. c5 Rc2 44. cxb6 Rb2
45. Kc6 g5 46. Nc5 g4 47. Ne6 g3 48. Nf4 Rc2+ 49. Kd6 Rf2 50. Nh3 Rb2 51.
Kc7 g2 52. b7 Rc2+ 53. Kd7 Rc7+ 54. Kxc7 Kg7 55. b8=Q {Black resigns} 1-0

[Event "ICCopen2016"]
[Site "Internet Chess Club"]
[Date "2016.06.04"]
[Round "11"]
[White "ncc-1701"]
[Black "daskapitallesen"]
[Result "0-1"]
[ICCResult "White resigns"]
[WhiteElo "1918"]
[BlackElo "1798"]
[Opening "QGD Slav: 5.e3 (Alekhine variation)"]
[ECO "D15"]
[NIC "SL.03"]
[Time "15:55:04"]
[TimeControl "180+0"]

1. d4 d5 2. c4 c6 3. Nc3 Nf6 4. Nf3 dxc4 5. e3 Bf5 6. Bxc4 e6 7. O-O Nbd7 8.
Re1 Ne4 9. Qb3 Qb6 10. Nxe4 Qxb3 11. Bxb3 Bxe4 12. Ng5 Bg6 13. e4 h6 14. Nh3
Bb4 15. Re2 O-O 16. f3 Rfd8 17. Nf4 Bh7 18. a3 Bf8 19. d5 exd5 20. exd5 cxd5
21. Nxd5 Nb6 22. Nxb6 axb6 23. Bf4 Bc5+ 24. Kf1 Bd3 25. Re1 Re8 26. g3 Rxe2
27. Rxe2 Re8 28. Bd1 Bxe2+ 29. Bxe2 g5 30. Bd2 Rd8 31. Bc3 Bd4 32. Bb4 Bxb2
33. Bc4 Rd4 34. Bb3 Rd3 35. Bc4 Rxf3+ 36. Ke2 Rf6 37. Kd3 Rd6+ 38. Ke4 Rd1
39. Kf5 Kg7 40. Bb3 Rh1 41. h4 gxh4 42. gxh4 Rxh4 43. Bd6 Rh3 44. Bc2 Bxa3
45. Bf4 Rf3 46. Kg4 Rf2 47. Be5+ f6 48. Bb3 fxe5 49. Kg3 Rb2 {White resigns}
0-1